Bom, chaotic male orcish Barbarian ------- -------- |......########## ##.>......#### |.....| # |......| # ------------- |.....| #### ####......^| ###|.....<.....| |.....| -------------# # |.......`# #a@a..........| |......########## --.-- |`.........`|### -------- # # |...........| ------- # |....## ..... ....|# #####............| ###|..%| # |...-----...|# ) ------------- #....-#### |...|.{.|...|########### # |...| # |..`|{.{.`...# --|--.--# ----- ##-...|. |...| |......|# |...-----...| |.......# |.....`.....| |......| |`......%..`| |......| ------------- -------- Bom the Bandit Experience level: 8 Strength: 19 Dexterity: 18 Constitution: 18 Intelligence: 7 Wisdom: 8 Charisma: 8 Health: 0(127) Energy: 16(16) Def: 15 Gold: 3640 Moves: 7802 Dungeon seed: n5m5hdQ9DkHXZ8PD Game ID: Bom_1654697722 Your Inventory: Coins $ - 3640 gold pieces Weapons g - a blessed +0 orcish bow h - an uncursed +0 katana (weapon in hand) u - 7 uncursed +0 darts of lightning M - an uncursed +0 orcish dagger Armor r - an uncursed +0 pair of leather gloves (being worn) x - an uncursed +1 dwarvish roundshield (being worn) y - an uncursed +0 pair of iron shoes (being worn) F - an uncursed +0 dwarvish iron helm (being worn) P - an uncursed +0 dwarvish mithril-coat (being worn) Comestibles c - 9 uncursed food rations o - an uncursed tin of spinach A - an uncursed tin of green mold W - an uncursed apple Scrolls a - an uncursed scroll of earth f - 3 uncursed scrolls of blank paper w - an uncursed scroll of recall Spellbooks Y - an uncursed spellbook of speed monster Potions Z - 2 uncursed potions of water Rings b - an uncursed ring of poison immunity (on left hand) d - a cursed ring of polymorph Wands k - an uncursed wand of secret door detection (0:12) q - an uncursed wand of opening (0:6) s - an uncursed wand of slow monster (0:2) t - an uncursed wand of locking (0:5) L - an uncursed wand of locking (0:4) Tools z - an uncursed +0 pick-axe of frost B - a blessed tallow candle (0:200) D - an uncursed sack T - an uncursed sack V - an uncursed +0 unicorn horn X - an uncursed +0 unicorn horn Gems e - an uncursed topaz stone i - 2 uncursed worthless pieces of violet glass n - an uncursed worthless piece of yellow glass N - an uncursed worthless piece of black glass Contents of the sack: an uncursed lock pick an uncursed mirror an uncursed skeleton key a blessed tallow candle (0:200) an uncursed aquamarine stone an uncursed fluorite stone an uncursed jasper stone an uncursed worthless piece of black glass 4 uncursed worthless pieces of blue glass an uncursed worthless piece of orange glass an uncursed worthless piece of red glass an uncursed worthless piece of violet glass an uncursed worthless piece of white glass an uncursed worthless piece of yellow glass an uncursed worthless piece of yellowish brown glass Spells and supernatural/magical abilities: Name Level Category Cost Memory W - pray for help -- divine ? -- Your skills at the end: Fighting Skills bare handed combat [Basic] Weapon Skills dagger [Basic] axe [Skilled] pick-axe [Basic] short sword [Basic] scimitar [Skilled] Spellcasting Skills Final Attributes: You were piously aligned. You were immune to poison. You had infravision. You were fast. Set was noncommittal. You are dead. Vanquished creatures: an archeologist 5 small mimics 2 tengu an elf mummy a human mummy a crocodile 2 giant beetles 3 wolves 4 winter wolf cubs a lynx a mumak a vampire bat an owlbear a dog a dingo a jaguar 3 dwarf lords 2 white unicorns 2 gnome mummies a rope golem a Woodland-elf 2 fire ants a bugbear 3 water nymphs a yellow light 7 gnome lords 2 gnomish wizards a kobold mummy a red naga hatchling 2 elf zombies 2 ghouls 2 paper golems a baby crocodile 2 giant ants 2 little dogs 2 floating eyes a kitten 12 dwarves a kobold lord a kobold shaman 10 rothes a rabid rat 2 centipedes a giant bat an orc zombie a dwarf zombie a werejackal 9 killer bees 2 coyotes a gas spore 4 hobbits a large kobold 4 giant rats 5 cave spiders a green mold 32 gnomes 3 garter snakes 3 gnome zombies 6 geckos 8 jackals a fox 2 kobolds 2 goblins a sewer rat 8 grid bugs 5 lichens a kobold zombie 2 newts 200 creatures vanquished. Voluntary challenges: You had been an atheist until turn 2608. You used a wielded weapon 429 times, starting on turn 248. You read items or engraved 7 times, starting on turn 3337. You never genocided any monsters. You never polymorphed an object. You never changed form. You used no wishes. You never split a pudding. You wrote Elbereth's name 1 time, starting on turn 4435. You violated your moral code, losing 30 points of alignment, starting on turn 1444. Dungeon overview: The Dungeons of Doom: levels 1 to 10 Level 1 a fountain a long staircase Level 2 a fountain, a sink, a vault Level 3 stairs to The Gnomish Mines Level 4 a general store Level 5 a wand shop, some altars to Mitra Level 6 a sink, a vault Level 7 a fountain, a sink Level 8 Level 9 <- You were here some fountains Level 10 The Gnomish Mines: levels 4 to 9 Level 4 stairs to The Dungeons of Doom Level 5 Level 6 Level 7 many shops, a temple to Set, a fountain, some trees Level 8 Level 9 History has recorded: On T:1 you entered the Dungeons of Doom to retrieve the Amulet of Yendor! On T:55 you reached level 2 of The Dungeons of Doom. On T:498 you reached level 3 of The Dungeons of Doom. On T:538 you advanced to experience level 2. On T:772 you reached level 1 of The Gnomish Mines. On T:773 you advanced to experience level 3. On T:841 you reached level 4 of The Dungeons of Doom. On T:1023 you reached level 2 of The Gnomish Mines. On T:1060 you advanced to experience level 4. On T:1137 you advanced to experience level 5. On T:1356 you advanced to experience level 6. On T:1983 you reached level 3 of The Gnomish Mines. On T:2014 you advanced to experience level 7. On T:2509 you reached level 4 of The Gnomish Mines. On T:2729 you reached level 5 of The Gnomish Mines. On T:3714 you reached level 6 of The Gnomish Mines. On T:4362 you advanced to experience level 8. On T:4485 you reached level 5 of The Dungeons of Doom. On T:5068 you reached level 6 of The Dungeons of Doom. On T:5499 you reached level 7 of The Dungeons of Doom. On T:5633 you reached level 8 of The Dungeons of Doom. On T:5745 you reached level 9 of The Dungeons of Doom. On T:7521 you reached level 10 of The Dungeons of Doom. Score breakdown: Gold: 3640 (12114 points) Experience: 8 levels (14739 points) Exploration: 10 levels ( 21.28%) (13269 points) Discoveries: 29 items ( 11.55%) (10197 points) Valuables value: (no points given unless you survive) Artifact value: 0 ( 0 points) Variety of kills: 68 monsters ( 17.89%) (12690 points) Turncount: 7802 turns (-2011 points) Survival: died (score multiplied by 80%) Total score: 48798 Latest messages: The soldier ant stings! You smite the soldier ant. The soldier ant misses. (2x) The soldier ant bites! The soldier ant stings! You miss the soldier ant. The soldier ant misses. The soldier ant stings! The soldier ant misses. (2x) You smite the soldier ant. The soldier ant bites! The soldier ant misses. (3x) You miss the soldier ant. The soldier ant bites! The soldier ant stings! The soldier ant bites! The soldier ant stings! The soldier ant's sting was poisoned, but doesn't affect you. You die... The sack is empty. The sack is empty. For some reason, you think that you can almost hear the Wizard laugh manically... Final status: Goodbye Bom the Barbarian, killed by a soldier ant... You died in The Dungeons of Doom on dungeon level 9 with 48798 points, and 3640 pieces of gold, after 7802 moves. You were level 8 with a maximum of 127 hit points when you died.